 Dungeon Crawl Stone Soup version 0.19-a0-1891-ge1d1fe8 (webtiles) character file.

0 Minion the Sneak (level 1, -1/16 HPs)
             Began as a Formicid Assassin on Oct 18, 2016.
             Slain by a hornet (17 damage)
             ... on level 15 of the Dungeon.
             The game lasted 00:01:27 (227 turns).

Minion the Sneak (Formicid Assassin)                 Turns: 227, Time: 00:01:28

Health: -1/16      AC:  3    Str: 15    XL:     1   Next: 11%
Magic:  1/1        EV: 11    Int: 10    God:
Gold:   37         SH:  0    Dex: 12    Spells: 0 memorised, 0 levels left

rFire  . . .     SeeInvis +     a - +2 dagger
rCold  . . .     Gourm    .     c - +0 robe
rNeg   . . .     Faith    .     (no shield)
rPois  .         Spirit   .     (helmet unavailable)
rElec  .         Reflect  .     d - +0 cloak
rCorr  .         Harm     .     (no gloves)
MR     .....                    (no boots)
Stlth  +++.......               (no amulet)
                                (no ring)
                                (no ring)

@: no status effects
A: permanent stasis, dig shafts and tunnels, four strong arms, antennae 3
a: Dig, Shaft Self


You were on level 15 of the Dungeon.
You were not hungry.

You visited 1 branch of the dungeon, and saw 10 of its levels.

You collected 37 gold pieces.

Inventory:

Hand Weapons
 a - a +2 dagger (weapon)
 b - a +0 blowgun
Missiles
 e - 8 poisoned needles
 f - 2 curare-tipped needles
Armour
 c - a +0 robe (worn)
 d - a +0 cloak (worn)
Comestibles
 h - a beef jerky


   Skills:
 - Level 2.1 Fighting
 * Level 2.0 Short Blades
 - Level 2.0 Throwing
 - Level 0.8 Dodging
 + Level 4.9 Stealth


You couldn't memorise any spells.
You didn't know any spells.

Dungeon Overview and Level Annotations

Branches:
Dungeon (14/15)
 Temple: D:4-7         Lair: D:8-11         Orc: D:9-12      Vaults: D:13-14

Altars:


Innate Abilities, Weirdness & Mutations

You are under a permanent stasis effect.
You can dig through walls and to a lower floor.
Your four strong arms can wield two-handed weapons with a shield.
You have a pair of large antennae on your head. (SInv)


Message History

You now have 37 gold pieces (gained 27).
You start eating the bread ration.
You continue eating. x2
You finish eating.
That bread ration really hit the spot!
Are you sure you want to shaft yourself?
You feel somewhat more hungry.
You begin to dig a shaft.
You continue digging a shaft.
A shaft appears beneath you!
You fall through a shaft!
The shaft crumbles and collapses.
Beware, you cannot shaft yourself on this level.
A hornet and a deep elf mage come into view.
Found a bread ration.
You can't shaft yourself on this level.
There are monsters nearby!
You can't shaft yourself on this level.
The deep elf mage shouts!
The hornet stings you!
Ouch! That really hurt!
You die...

.....8 ....#
#...# ##...##
#8...8
.#####...#######
..............%#
........@......#
..e......y.....#
####.####.######
# .# .# .# .# ##


You could see a deep elf mage and a hornet.

Vanquished Creatures
  A frilled lizard (D:2)
1 creature vanquished.

Notes
Turn   | Place    | Note
-------+----------+-------------------------------------------
     0 | D:1      | Minion the Formicid Assassin began the quest for the Orb.
     0 | D:1      | Reached XP level 1. HP: 16/16 MP: 1/1
     3 | D:1      | You fall through a shaft!
     8 | D:2      | You fall through a shaft!
    11 | D:3      | You fall through a shaft!
    14 | D:4      | You fall through a shaft!
    14 | D:5      | Entered Level 5 of the Dungeon
    45 | D:5      | You fall through a shaft for 3 floors!
   204 | D:8      | You fall through a shaft for 2 floors!
   204 | D:10     | Entered Level 10 of the Dungeon
   212 | D:10     | You fall through a shaft for 2 floors!
   215 | D:12     | You fall through a shaft for 2 floors!
   226 | D:14     | You fall through a shaft!
   226 | D:15     | Entered Level 15 of the Dungeon
   226 | D:15     | Noticed a hornet
   226 | D:15     | Noticed a deep elf mage
   227 | D:15     | Slain by a hornet

Vault maps used:
D:1:      dpeg_arrival_prison, ashenzari_altar_1
D:2:      chequers_temple_overflow_minitemple,
          nemelex_xobeh_ov_fountains_minmay, marbit_many_paths
D:3:      okawaru_metal_pillars_1_2, first_bread
D:4:      minmay_goblin_kobold_castle, vehumet_altar_wand_db
D:5:      grunt_gozag_statues, tgw_sif, lemuel_round_altar, serial_bayou_pond_e,
          uniq_edmund, uniq_eustachio, uniq_sigmund
D:8:      the_bakery
D:10:     hiddenorc1_lemuel, basic_altar
D:12:     uniq_urug
D:14:     erik_vaults_1, wad_floor_pattern_1
D:15:     hangedman_depths_entry_try_elsewhere_first, serial_corexii_hall,
          corexii_hall_statues_l, corexii_hall_statues_u, columned_hall_lemuel,
          serial_shops, nicolae_shop_overgrown_old_shop

Action                   || total
-------------------------++-------
Melee: Dagger            ||     4
 Abil: Shaft Self        ||     9
  Eat: Bread ration      ||     1
Armor: Robe              ||     1
Dodge: Dodged            ||     2
